 Dungeon Crawl Stone Soup version 0.31.0-11-ge490571c62 (webtiles) character file.

Game seed: 2909752850391151956

2618 Ashen the Ruffian (level 9, 0/88 HPs)
             Began as a Troll Shapeshifter on Feb 1, 2024.
             Was a Believer of Uskayaw.
             Slain by a sleepcap (5 damage)
             ... while paralysed by a hornet
             ... on level 8 of the Dungeon.
             The game lasted 00:07:55 (5972 turns).

Ashen the Ruffian (Troll Shapeshifter)              Turns: 5972, Time: 00:07:57

Health: 0/88       AC:  4    Str: 24    XL:     9   Next: 34%
Magic:  8/8        EV:  1    Int:  6    God:    Uskayaw [**....]
Gold:   339        SH:  0    Dex: 17    Spells: 8/8 levels left

rFire   . .          .
                       - Unarmed
rCold   . . .        (no shield)
rNeg    . . .        p - +0 robe of Tomorrow {Dex+4}
rPois   .            (helmet currently unavailable)
rElec   .            q - melded +0 cloak
rCorr   .            (gloves unavailable)
SInv    .            (boots unavailable)
Will    .....        (no amulet)
Stlth   ++           (no ring)
HPRegen 1.14/turn    (no ring)
MPRegen 0.11/turn

%: no passive effects
@: paralysed, beast-form, slowed
A: beast (slay +3), large, unfitting armour, claws 3, regeneration 1, shaggy fur
1, tough skin 1
a: Begin Untransformation, Renounce Religion, Stomp, Line Pass


You were on level 8 of the Dungeon.
You worshipped Uskayaw.
Uskayaw was noncommittal.
You were a hulking beast.
You visited 1 branch of the dungeon, and saw 8 of its levels.

You collected 339 gold pieces.

Inventory:

Missiles
 D - 2 throwing nets (quivered)
Armour
 p - the +0 robe of Tomorrow (worn) {Dex+4}
   (You found it on level 3 of the Dungeon)

   Dex+4:     It affects your dexterity (+4).
 q - a +0 cloak (melded)
Talismans
 d - a flux talisman
 B - a beast talisman (active)
Wands
 u - a wand of iceblast (13)
 y - a wand of charming (14)
 C - a wand of mindburst (23)
Scrolls
 b - 3 scrolls of torment {unknown}
 e - a scroll of immolation {unknown}
 f - 2 scrolls of fear {unknown}
 g - a scroll of noise {unknown}
 l - a scroll of fog {unknown}
 m - 4 scrolls of teleportation {unknown}
 n - a scroll of summoning {unknown}
 o - a scroll of enchant weapon {unknown}
 s - 5 scrolls of identify {unknown}
 v - 2 scrolls of vulnerability {unknown}
 w - 2 scrolls of revelation {unknown}
 x - a scroll of enchant armour {unknown}
Potions
 a - a potion of curing {unknown}
 c - a potion of heal wounds {unknown}
 h - 3 potions of magic {unknown}
 i - 3 potions of invisibility {unknown}
 j - 2 potions of enlightenment {unknown}
 k - 3 potions of mutation {unknown}
 r - 3 potions of degeneration {unknown}
 t - 3 potions of attraction {unknown}
 z - a potion of berserk rage {unknown}
 A - a potion of haste {unknown}


   Skills:
 + Level 5.3 Fighting
 + Level 5.5 Dodging
 + Level 7.1 Unarmed Combat
 + Level 6.5 Shapeshifting


You had 8 spell levels left.
You didn't know any spells.
Your spell library contained the following spells:

 Spells                   Type           Power      Damage    Failure   Level
 Apportation              Tloc           0%         N/A       45%         1
 Magic Dart               Conj           0%         1d3       45%         1
 Necrotise                Necr           0%         1d4       45%         1
 Sting                    Conj/Alch      0%         1d3       45%         1
 Summon Small Mammal      Summ           0%         N/A       45%         1
 Blink                    Tloc           0%         N/A       58%         2
 Call Imp                 Summ           0%         N/A       58%         2
 Lesser Beckoning         Tloc           0%         N/A       58%         2
 Momentum Strike          Conj/Tloc      0%         3d8       58%         2
 Scorch                   Fire           0%         2d5       58%         2
 Dazzling Flash           Conj/Hex       0%         N/A       83%         3
 Mephitic Cloud           Conj/Alch/Air  0%         N/A       83%         3
 Flame Wave               Conj/Fire      0%         2d4       99%         4
 Olgreb's Toxic Radiance  Alch           0%         N/A       99%         4
 Curse of Agony           Necr           0%         N/A       100%        5
 Silence                  Hex/Air        0%         N/A       100%        5
 Summon Cactus Giant      Summ           0%         N/A       100%        6
 Ozocubu's Refrigeration  Ice            0%         4d7       100%        7
 Discord                  Hex            0%         N/A       100%        8


Dungeon Overview and Level Annotations

Branches:
Dungeon (8/15)             Temple (0/1) D:7
   Lair: D:8-11

Altars:
Fedhas
Gozag
Qazlal
Sif Muna
Uskayaw
Xom

Shops:
D:4 *   D:7 :


Innate Abilities, Weirdness & Mutations

You are a hulking beast.
Your limbs bulge with bestial killing power. (Slay +3)
You are too large for most types of armour.
You have claws for hands.
Your natural rate of healing is unusually fast.
You are covered in fur. (AC +1)
You have tough skin. (AC +1)


Message History

A sleepcap comes into view.
Found 2 stones.
The hornet completely misses you. The hornet closely misses you.
You closely miss the hornet. The hornet barely misses you.
You barely miss the steam dragon. The hornet closely misses you.
The steam dragon bites you. The steam dragon claws you.
You claw the steam dragon!
The steam dragon is moderately wounded.
The hornet stings you!
You feel yourself slow down.
The hornet stings you but does no damage.
The steam dragon bites you. The steam dragon claws you.
You claw the steam dragon!
You claw the steam dragon, but do no damage.
The steam dragon is almost dead.
You feel yourself speed up. The hornet closely misses you.
The steam dragon breathes steam at you. The ball of steam hits you!!
The hornet closely misses you.
You can now pass through a line of other dancers.
You scratch the steam dragon but do no damage.
You claw the steam dragon.
You kill the steam dragon!
The steam dragon scales are intact enough to wear.
You are engulfed in a cloud of scalding steam.
The hornet closely misses you.
The sleepcap releases spores at you but does no damage.
You claw the hornet!
The hornet is moderately wounded.
The hornet stings you!
You suddenly lose the ability to move!
The sleepcap releases spores at you!
* * * LOW HITPOINT WARNING * * *
You are engulfed in a cloud of soporific spores!
You can't fall asleep in your current state!
The hornet stings you!
* * * LOW HITPOINT WARNING * * *
You feel yourself slow down. The hornet stings you!
* * * LOW HITPOINT WARNING * * *
You feel as though you will be slow longer.
The sleepcap releases spores at you.
You die...

#.####
##.######)...##
#.# #.#
#...)#...# #.#
#.# #.##....##
#.# #.#
#.###.### #.#
#.# #.# #.# ..#
#.###.###.##
.##
#.....##...# .#
########..§##
)# #[h...# )#
#..yf.§§§.# .#
.........<...#
.#
###..........#
.#
#...#.....###
.. ......#.....
..
.....##......
## ##(.
###...##


You could see a hornet and a sleepcap.

Vanquished Creatures
  Maurice (D:7)
  2 steam dragons
  A water moccasin (D:7)
  An orc warrior (D:6)
  An ice beast (D:7)
  2 ogres
  3 black bears
  A centaur (D:7)
  A phantom (D:5)
  5 wights (D:7)
  3 howler monkeys
  A crimson imp (D:5)
  A bombardier beetle (D:4)
  2 orc priests
  A jelly (D:6)
  Crazy Yiuf (D:3)
  A gnoll bouda (D:8)
  5 hounds
  2 sleepcaps
  5 orc wizards
  4 gnolls (D:8)
  6 adders
  A shadow imp (D:7)
  A white imp (D:5)
  A dart slug (D:2)
  18 orcs
  10 endoplasms
  2 giant cockroaches
  6 goblins
  8 hobgoblins
  2 jackals (D:1)
  2 quokkas
  11 ball pythons
  5 bats
  A frilled lizard (D:3)
  8 kobolds
  8 rats
134 creatures vanquished.

Notes
Turn   | Place    | Note
-------+----------+-------------------------------------------
     0 | D:1      | Ashen the Troll Shapeshifter began the quest for the Orb.
     0 | D:1      | Reached XP level 1. HP: 18/18 MP: 0/0
    36 | D:1      | Reached skill level 1 in Fighting
    39 | D:1      | Reached XP level 2. HP: 25/27 MP: 1/1
   706 | D:2      | Reached XP level 3. HP: 33/33 MP: 2/2
   788 | D:2      | Found a blossoming altar of Fedhas.
  1334 | D:3      | Identified the +2 leather armour of the Lotus Blossom
                  | {Dex+5}
  1350 | D:3      | Reached XP level 4. HP: 41/41 MP: 3/3
  1597 | D:3      | Identified the +0 robe of Tomorrow {Dex+4}
  1631 | D:3      | Found an opulent altar of Gozag.
  1861 | D:3      | Reached XP level 5. HP: 33/49 MP: 4/4
  1894 | D:3      | Found a runed translucent door.
  1895 | D:3      | Noticed Crazy Yiuf
  1904 | D:3      | Killed Crazy Yiuf
  1905 | D:3      | Reached skill level 4 in Unarmed Combat
  2135 | D:4      | Found a stormy altar of Qazlal.
  2519 | D:4      | Found Jaguq's Gadget Gallery.
  2714 | D:4      | Identified the +7 spear of the Owl {flame, *Rage Str+7
                  | Int+2}
  2808 | D:5      | Entered Level 5 of the Dungeon
  2808 | D:5      | Noticed a black bear
  2811 | D:5      | Noticed an ogre
  2821 | D:5      | Killed an ogre
  2822 | D:5      | Reached XP level 6. HP: 40/59 MP: 5/5
  2990 | D:5      | Reached XP level 7. HP: 53/67 MP: 6/6
  3427 | D:5      | Found a shimmering altar of Xom.
  3687 | D:5      | Found a shimmering blue altar of Sif Muna.
  3757 | D:6      | Reached skill level 5 in Unarmed Combat
  4122 | D:6      | Reached skill level 5 in Shapeshifting
  4206 | D:6      | Reached XP level 8. HP: 64/78 MP: 7/7
  4845 | D:7      | Noticed Maurice
  4851 | D:7      | Something stole a beast talisman
  4862 | D:7      | Something stole 274 gold
  4866 | D:7      | Killed Maurice
  4867 | D:7      | Reached skill level 6 in Unarmed Combat
  4980 | D:7      | Reached skill level 5 in Dodging
  5031 | D:7      | Found a hide-covered altar of Uskayaw.
  5093 | D:7      | Became a worshipper of Uskayaw the Reveller
  5127 | D:7      | Reached * piety under Uskayaw
  5128 | D:7      | Reached ** piety under Uskayaw
  5129 | D:7      | Reached XP level 9. HP: 87/87 MP: 8/8
  5245 | D:7      | Found a blossoming altar of Fedhas.
  5252 | D:7      | Reached *** piety under Uskayaw
  5253 | D:7      | Reached skill level 5 in Fighting
  5612 | D:7      | Found a staircase to the Ecumenical Temple.
  5692 | D:7      | Found Uwoykk's Book Shoppe.
  5846 | D:8      | Reached skill level 7 in Unarmed Combat
  5900 | D:8      | Reached **** piety under Uskayaw
  5971 | D:8      | Paralysed by a hornet for 1 turns
  5972 | D:8      | Slain by a sleepcap

Illustrated notes

Levels and vault maps discovered:
D:1:      dpeg_arrival_orchard, layout_rooms
D:2:      layout_loops_ring, basic_altar, minmay_hexomino_u4
D:3:      layout_loops_corners, nicolae_gozag_cash_rules_everything_around_me,
          nicolae_elevator_lobby_asterisk, uniq_crazy_yiuf_cottage
D:4:      layout_loops_ring, mainiacjoe_overflow_boulevard, nicolae_shop_gadgets
D:5:      layout_basic, lemuel_coloured_pillars_altar, kennysheep_mini_moat,
          minmay_fire_ice_demons
D:6:      layout_basic, kennysheep_path_1, serial_bayou_crossing
D:7:      layout_loops_corners, fedhas_bush_and_centaur_altar,
          lemuel_round_altar, minmay_temple_entry_junction, serial_shops,
          nicolae_shop_rolling_square, uniq_maurice
D:8:      layout_loops_ring, serial_shops, shop, kennysheep_little_box, shop

Skill      XL: |  1  2  3  4  5  6  7  8  9 |
---------------+----------------------------+-----
Fighting       | 1 2 3 4 5 |  5.3
Dodging        | 2 3 4 5 |  5.5
Unarmed Combat | 4 5 6 7 |  7.1
Shapeshifting  | 4 5 6 |  6.5

Action                     |  1- 3 |  4- 6 |  7- 9 || total
---------------------------+-------+-------+-------++-------
  Melee: Unarmed           |    89 |    94 |   156 ||   339
         Punch             |     1 |     1 |     6 ||     8
Ability: Begin Untransform |       |     1 |       ||     1
    Use: Potion            |       |       |     1 ||     1
   Stab: Sleeping          |       |       |     2 ||     2
 Armour: Animal skin       |    33 |     5 |       ||    38
         Robe              |       |    28 |   130 ||   158
         Skin              |       |     7 |     4 ||    11
  Dodge: Dodged            |    47 |    35 |    79 ||   161
         Form:             |       |     1 |       ||     1
         Beast             |       |     1 |       ||     1
         Flux              |       |     1 |       ||     1
